 Dungeon Crawl Stone Soup version 0.24.1-8-ga250c9d538 (webtiles) character file.

Game seed: 8573439904605708471, levelgen mode: deterministic

703637 kwaehwal the Executioner (level 27, -2/269 HPs)
             Began as an Octopode Fighter on Apr 27, 2020.
             Was a High Priest of Cheibriados.
             Slain by an Orb Guardian (47 damage)
             ... on level 5 of the Realm of Zot on Apr 28, 2020.
             The game lasted 05:28:18 (66625 turns).

kwaehwal the Executioner (Octopode Fighter)        Turns: 66625, Time: 05:28:19

Health: -2/269     AC: 32    Str: 49    XL:     27
Magic:  0/66       EV: 42    Int: 33    God:    Cheibriados [*****.]
Gold:   2816       SH: 21    Dex: 34    Spells: 6/58 levels left

rFire    + + +     SeeInvis +   a - +9 broad axe (elec)
rCold    + + .     Gourm    .   v - +2 shield of Resistance {rF+ rC+ MR+}
rNeg     + + +     Faith    .   o - +3 hat of Pondering {ponderous, MR+ MP+10 Int+5}
rPois    ∞         Spirit   +   V - amulet "Hobev" {Spirit Dex+3}
rElec    +         Reflect  .   s - ring "Kimob" {rC+ rN+}
rCorr    .         Harm     .   C - ring of protection from fire
MR       +++++                  x - ring "Ziucom" {*Corrode rElec MP+9 SInv Stlth-}
Stlth    +++.......             Y - ring of Xakkuo {rN+ Str+5}
HPRegen  0.54/turn              F - ring "Hipteb" {Wiz rElec rN+}
MPRegen  0.40/turn              L - ring of Yniqeum {rF+ MR++ Int-2 Dex+2 SInv}
                                X - ring "Gaugal" {rF+ MR+ Int+4 Dex+2 Slay+5}
                                w - +6 ring of evasion

@: mighty, statue-form, marked, deflect missiles, very slow
A: almost no armour, stealthy swim, amphibious, 8 rings, constrict 8, camouflage
1, blurry vision 1, deterioration 1, high mp 1
}: 3/15 runes: serpentine, barnacled, silver
a: End Transformation, Bend Time, Temporal Distortion, Slouch, Step From Time,
Renounce Religion


You were on level 5 of the Realm of Zot.
You worshipped Cheibriados.
Cheibriados was extremely pleased with you.
You were not hungry.
You were a stone statue.
You visited 11 branches of the dungeon, and saw 53 of its levels.
You also visited: Gauntlet, Volcano and Wizlab.

You collected 10592 gold pieces.
You spent 7776 gold pieces at shops.

Inventory:

Hand Weapons
 a - a +9 broad axe of electrocution (weapon)
 j - a +3 broad axe of protection
Missiles
 N - 11 throwing nets
 O - 57 silver javelins (quivered)
 Z - 4 curare-tipped darts
Armour
 o - the +3 hat of Pondering (worn) {ponderous, MR+ MP+10 Int+5}
   (You bought it in a shop on level 8 of the Dungeon)

   It affects your intelligence (+5).
   It affects your resistance to hostile enchantments.
   It affects your magic capacity (+10).
 v - the +2 shield of Resistance (worn) {rF+ rC+ MR+}
   (You found it on level 14 of the Dungeon)

   It protects you from fire.
   It protects you from cold.
   It affects your resistance to hostile enchantments.
Magical Staves
 b - an uncursed staff of wizardry
Jewellery
 m - an uncursed ring of resist corrosion
 s - the ring "Kimob" (left tentacle) {rC+ rN+}
   (You found it on level 3 of the Crypt)

   [ring of positive energy]

   It protects you from cold.
   It protects you from negative energy.
 w - a +6 ring of evasion (on tentacle)
 x - the ring "Ziucom" (on tentacle) {*Corrode rElec MP+9 SInv Stlth-}
   (You found it on level 3 of the Dungeon)

   [ring of attention]

   It insulates you from electricity.
   It affects your magic capacity (+9).
   It lets you see invisible.
   It may corrode you when you take damage.
   It makes you less stealthy.
 C - a ring of protection from fire (right tentacle)
 F - the ring "Hipteb" (on tentacle) {Wiz rElec rN+}
   (You bought it in a shop on level 3 of the Elven Halls)

   [ring of wizardry]

   It improves your spell success rate.
   It insulates you from electricity.
   It protects you from negative energy.
 L - the ring of Yniqeum (on tentacle) {rF+ MR++ Int-2 Dex+2 SInv}
   (You found it on level 4 of the Shoals)

   [ring of protection from fire]

   It affects your intelligence (-2).
   It affects your dexterity (+2).
   It protects you from fire.
   It affects your resistance to hostile enchantments.
   It lets you see invisible.
 V - the amulet "Hobev" (around mantle) {Spirit Dex+3}
   (You found it on level 1 of the Lair of Beasts)

   [amulet of guardian spirit]

   It causes incoming damage to be split between your health and magic.
   It affects your dexterity (+3).
 X - the ring "Gaugal" (on tentacle) {rF+ MR+ Int+4 Dex+2 Slay+5}
   (You found it on level 3 of the Vaults)

   [ring of protection from magic]

   It affects your intelligence (+4).
   It affects your dexterity (+2).
   It affects your accuracy and damage with ranged weapons and melee attacks
   (+5).
   It protects you from fire.
   It affects your resistance to hostile enchantments.
 Y - the ring of Xakkuo (on tentacle) {rN+ Str+5}
   (You found it on level 3 of the Crypt)

   [ring of positive energy]

   It affects your strength (+5).
   It protects you from negative energy.
Wands
 l - a wand of digging (22)
 n - a wand of clouds (4)
 I - a wand of paralysis (30)
 K - a wand of iceblast (23)
 S - a wand of acid (72)
Scrolls
 e - 13 scrolls of teleportation
 f - 22 scrolls of remove curse
 h - 13 scrolls of identify
 k - a scroll of silence
 r - 6 scrolls of magic mapping
 y - 10 scrolls of immolation
 z - 10 scrolls of fear
 B - 9 scrolls of fog
 H - 2 scrolls of holy word
 J - 11 scrolls of blinking
 P - 2 scrolls of summoning
Potions
 c - 8 potions of might
 g - 22 potions of curing
 i - 11 potions of lignification
 p - 3 potions of invisibility
 q - 5 potions of cancellation
 t - 6 potions of ambrosia
 A - 3 potions of mutation
 D - 7 potions of flight
 E - 9 potions of agility
 Q - 16 potions of heal wounds
 R - 6 potions of magic
 U - 6 potions of resistance
 W - 11 potions of brilliance
Miscellaneous
 u - 3 boxes of beasts
 G - 3 phantom mirrors
 T - a lamp of fire
Comestibles
 d - 68 rations


   Skills:
 * Level 21.8 Fighting
 * Level 22.4 Axes
   Level 0.1(15.3) Maces & Flails
 + Level 9.2 Throwing
 * Level 20.3 Dodging
 - Level 1.3 Stealth
 - Level 15.0 Shields
 - Level 0.4 Unarmed Combat
 * Level 16.4 Spellcasting
 - Level 5.0 Charms
 - Level 11.0 Summonings
 * Level 18.8 Necromancy
 - Level 11.0 Transmutations
 - Level 4.0 Air Magic
 - Level 12.0 Earth Magic
 - Level 17.3 Invocations
 - Level 3.0 Evocations


You had 6 spell levels left.
You knew the following spells:

 Your Spells              Type           Power        Failure   Level  Hunger
a - Animate Skeleton      Necr           N/A          0%          1    None
b - Passwall              Tmut/Erth      #######.     0%          2    None
c - Regeneration          Chrm/Necr      #######...   1%          3    None
d - Apportation           Tloc           ####..       1%          1    None
e - Borgnjor's Vile Clut  Necr/Erth      #######...   1%          5    None
f - Animate Dead          Necr           N/A          0%          4    None
g - Statue Form           Tmut/Erth      #######..    1%          6    #......
h - Summon Lightning Spi  Summ/Air       ######..     1%          4    None
i - Death Channel         Necr           ########..   1%          6    #......
j - Deflect Missiles      Chrm/Air       ######....   14%         6    #......
k - Shadow Creatures      Summ           N/A          1%          6    #......
l - Infestation           Necr           ########..   1%          8    ######.

Your spell library contained the following spells:

 Spells                   Type           Power        Failure   Level  Hunger
 Pain                     Necr           ####         0%          1    None
 Sandblast                Erth           ######       0%          1    None
 Summon Butterflies       Summ           #######.     0%          1    None
 Summon Small Mammal      Summ           ####         0%          1    None
 Corpse Rot               Necr           N/A          0%          2    None
 Sublimation of Blood     Necr           ########..   0%          2    None
 Vampiric Draining        Necr           ########..   0%          3    None
 Agony                    Necr           ########     0%          5    None
 Dispel Undead            Necr           ########     0%          5    None
 Confusing Touch          Hex            ####..       1%          1    None
 Corona                   Hex            ####...      1%          1    None
 Freeze                   Ice            ####         1%          1    None
 Magic Dart               Conj           ####         1%          1    None
 Shock                    Conj/Air       ####         1%          1    None
 Sting                    Conj/Pois      ####         1%          1    None
 Blink                    Tloc           N/A          1%          2    None
 Call Imp                 Summ           #######.     1%          2    None
 Ensorcelled Hibernation  Hex/Ice        ####..       1%          2    None
 Poisonous Vapours        Pois/Air       #####.       1%          2    None
 Searing Ray              Conj           ####..       1%          2    None
 Slow                     Hex            ####....     1%          2    None
 Swiftness                Chrm/Air       ######..     1%          2    None
 Throw Frost              Conj/Ice       ####..       1%          2    None
 Call Canine Familiar     Summ           #######.     1%          3    None
 Confuse                  Hex            ####....     1%          3    None
 Conjure Flame            Conj/Fire      ####....     1%          3    None
 Dazzling Spray           Conj/Hex       ####..       1%          3    None
 Gell's Gravitas          Tloc           ####......   1%          3    None
 Inner Flame              Hex/Fire       ####....     1%          3    None
 Mephitic Cloud           Conj/Pois/Air  #####...     1%          3    None
 Ozocubu's Armour         Chrm/Ice       #####...     1%          3    None
 Portal Projectile        Hex/Tloc       ####..       1%          3    None
 Recall                   Summ/Tloc      N/A          1%          3    None
 Static Discharge         Conj/Air       #####...     1%          3    None
 Stone Arrow              Conj/Erth      ######       1%          3    None
 Tukima's Dance           Hex            ####....     1%          3    None
 Airstrike                Air            ######....   1%          4    None
 Leda's Liquefaction      Hex/Erth       ######....   1%          4    None
 Petrify                  Tmut/Erth      #######.     1%          4    None
 Summon Ice Beast         Ice/Summ       ######..     1%          4    None
 Bolt of Draining         Conj/Necr      ######....   1%          5    None
 Excruciating Wounds      Chrm/Necr      #######...   1%          5    None
 Lee's Rapid Deconstruct  Erth           #######...   1%          5    None
 Summon Forest            Summ/Tloc      ######....   1%          5    None
 Summon Mana Viper        Hex/Summ       ######..     1%          5    None
 Yara's Violent Unravell  Hex/Tmut       ######....   1%          5    None
 Hydra Form               Tmut           #######...   1%          6    #......
 Simulacrum               Ice/Necr       ######....   1%          6    #......
 Bolt of Magma            Conj/Fire/Erth ######....   3%          5    None
 Cause Fear               Hex            ####......   6%          4    None
 Force Lance              Conj/Tloc      ####....     6%          4    None
 Fulminant Prism          Conj/Hex       ####......   6%          4    None
 Iskenderun's Mystic Bla  Conj           ####....     6%          4    None
 Olgreb's Toxic Radiance  Pois           ####....     6%          4    None
 Passage of Golubria      Tloc           N/A          6%          4    None
 Throw Icicle             Conj/Ice       ####....     6%          4    None
 Iskenderun's Battlesphe  Conj/Chrm      #####...     6%          5    None
 Lightning Bolt           Conj/Air       #####.....   8%          5    None
 Silence                  Hex/Air        #####.....   8%          5    None
 Iron Shot                Conj/Erth      ######....   8%          6    #......
 Metabolic Englaciation   Hex/Ice        ####......   16%         5    None
 Venom Bolt               Conj/Pois      ####......   16%         5    None
 Conjure Ball Lightning   Conj/Air       #####.....   36%         6    #......
 Freezing Cloud           Conj/Ice/Air   #####.....   45%         6    #......
 Bolt of Fire             Conj/Fire      ####......   63%         6    #......
 Darkness                 Hex            ####......   63%         6    #......
 Invisibility             Hex            ####....     63%         6    #......
 Poison Arrow             Conj/Pois      ####......   63%         6    #......
 Haunt                    Necr/Summ      #######...   1%          7    ####...
 Borgnjor's Revivificati  Necr           ########..   1%          8    ######.
 Summon Hydra             Summ           #######...   6%          7    ####...
 Necromutation            Tmut/Necr      #######...   9%          8    ######.
 Death's Door             Chrm/Necr      #######...   28%         8    ######.
 Spellforged Servitor     Conj/Summ      ######....   45%         7    ####...
 Ring of Flames           Chrm/Fire      #####.....   85%         7    ####...
 Lehudib's Crystal Spear  Conj/Erth      ######....   96%         8    ######.
 Shatter                  Erth           #######...   98%         9    #######
 Orb of Destruction       Conj           ####......   99%         7    ####...
 Chain Lightning          Conj/Air       #####.....   100%        8    ######.
 Fire Storm               Conj/Fire      ####......   100%        9    #######
 Glaciate                 Conj/Ice       ####......   100%        9    #######
 Tornado                  Air            ######....   100%        9    #######


Dungeon Overview and Level Annotations

Branches:
Dungeon (15/15)            Temple (1/1) D:7            Lair (6/6) D:9
 Shoals (4/4) Lair:3        Snake (4/4) Lair:3        Slime (0/5) Lair:6
    Orc (2/2) D:9             Elf (3/3) Orc:2        Vaults (5/5) D:13
  Crypt (3/3) Vaults:2       Tomb (0/3) Crypt:3      Depths (5/5) D:15
    Zot (5/5) Depths:5    Volcano (visited)          WizLab (visited)
Gauntlet (visited)

Altars:
Ashenzari
Cheibriados
Dithmenos
Elyvilon
Fedhas
Gozag
Hepliaklqana
Kikubaaqudgha
Makhleb
Nemelex Xobeh
Okawaru
Qazlal
Ru
Sif Muna
Trog
Uskayaw
Vehumet
Wu Jian
Xom
Yredelemnul
Zin
The Shining One
Beogh
Jiyva

Shops:
D:4 *   D:7 (   D:8 [   Orc:2 ([[:   Elf:1 %   Elf:3 =!   Shoals:3 =
Snake:4 (   Vaults:2 (**(   Vaults:3 %   Vaults:5 !!!!!%!!=(?}!   Zot:5 *
Depths:4 (

Portals:
Hell: Depths:1 Depths:2 Depths:3 Depths:4 Depths:5
Abyss: Depths:3 Depths:4
Pandemonium: Depths:2 Depths:3 Depths:5
Ziggurat: Depths:1

Annotations:
D:2 exclusion: 2 downstairs
D:3 LifeIsToil's ghost, amateur DsGl
D:5 1 runed translucent door, exclusion: downstairs, Crazy Yiuf
D:8 Gastronok
D:12 exclusion: downstairs
D:14 1 runed translucent door, exclusion: 2 downstairs
Lair:1 exclusion: 2 oklob plants
Elf:2 3 runed translucent doors
Zot:4 3 transporters


Innate Abilities, Weirdness & Mutations

You cannot wear most types of armour.
You are very stealthy in the water. (Stealth+)
You are amphibious.
You can wear up to eight rings at the same time.
You can use your tentacles to constrict eight enemies at once.
Your skin changes colour to match your surroundings (Stealth+).
((Your rubbery body absorbs attacks. (AC +1, EV +1)))
Scrolls take you a little longer to read.
Your body sometimes deteriorates upon taking damage.
You have an increased reservoir of magic. (+10% MP)


Message History

The Orb Guardian is almost dead.
You miss the Orb Guardian.
You cut the Orb Guardian into ribbons!!!!
Lightning courses through the Orb Guardian!
You kill the Orb Guardian!
Cheibriados thoroughly appreciates the change of pace.
Your unholy channel expires.
You block the Orb Guardian's attack. x2
Your spectral quicksilver dragon bites the moth of wrath!
Your spectral quicksilver dragon claws the moth of wrath!
You block the Orb Guardian's attack.
Your spectral golden dragon bites the Orb Guardian!
Your spectral golden dragon claws the Orb Guardian.
Your spectral golden dragon tramples the Orb Guardian but does no damage.
The Killer Klown blinks!
Your spectral ghost moth hits the Orb Guardian but does no damage. x2
Your spectral ghost moth hits the Orb Guardian.
The moth of wrath bites your spectral quicksilver dragon!!
The Orb Guardian hits you!!!
You die...

......###..##..##..##..##..##..##
.....[.##..##..##..##..##..##..##
###.########▓▓▓▓################▓
...........# ##.......,,,,,,,**
..........#* ##......^.,,,,,,,,*
..........# ##.........,,,,,,,,,
.........## #..........,,,,,,,,,
.........# #.†.Z§...(....§,,,,,
.........## #..8yy..)..§§..,,,,,
..........# #.XZX........§.,,,,,
..........## #..Zy..†.......,,,,,
...........###^..^...((.....,,,,,
#########...###.............,,,,,
##....##.....p...L..,,,,*
###.........^..§...,,,**
#▓▓▓▓▓▓▓▓▓▓▓##8.(,,**
****,,,,,,,,,,,,,,,**


You could see a Killer Klown, 2 Orb Guardians, 3 moths of wrath, a friendly
spectral quicksilver dragon, a friendly spectral golden dragon and a friendly
spectral ghost moth.

Vanquished Creatures
  7 ancient liches
  Mara (Snake:3)
  9 orbs of fire (Zot:5)
  A juggernaut (Depths:3)
  Boris (thrice) (Crypt:3 Depths:1 Vaults:5)
  2 Killer Klowns
  Saint Roka (Vaults:2)
  Margery (Crypt:1)
  Xtahua (Vaults:3)
  5 curse toes
  3 caustic shrikes
  Bai Suzhen (Depths:2)
  8 golden dragons
  Jory (Depths:3)
  Nikola (Depths:3)
  A bone dragon (Crypt:3)
  the Enchantress (Depths:1)
  5 electric golems
  9 liches
  Jorgrun (Orc:1)
  21 Orb Guardians (Zot:5)
  12 tentacled monstrosities
  2 deep elf blademasters
  A shard shrike skeleton (Crypt:2)
  6 quicksilver dragons
  3 titans
  A deep elf master archer (Elf:3)
  3 ancient champions
  7 sphinxes
  Polyphemus (Shoals:4)
  The ghost of markt42 the Peltast, an adept GrFi of Okawaru (Vaults:2)
  14 death cobs
  25 storm dragons
  The ghost of Sagen the Devastator, an adept DrCj of Vehumet (Snake:1)
  8 draconian monks
  5 tengu reavers
  2 revenants
  Ilsuiw (Shoals:4)
  7 shadow dragons
  13 nagarajas
  8 fire giants
  15 frost giants
  A storm dragon (shapeshifter) (Depths:2)
  11 deep elf sorcerers
  A shadow dragon (shapeshifter) (Depths:2)
  A draconian knight (Zot:4)
  A ghost moth (shapeshifter) (Depths:2)
  4 ghouls
  7 draconian scorchers
  3 iron dragons
  2 ghost moths
  20 vault wardens
  5 draconian stormcallers
  6 draconian shifters
  7 deep elf elementalists
  4 spriggan defenders
  14 ironheart preservers
  6 draconian annihilators
  An emperor scorpion (shapeshifter) (Depths:2)
  10 very ugly things
  11 vampire knights
  12 stone giants
  An entropy weaver (Vaults:4)
  8 deep elf demonologists
  7 war gargoyles
  13 black draconians
  Nessos (Orc:2)
  5 green draconians
  5 purple draconians
  6 white draconians
  A minotaur (Gauntlet)
  11 red draconians
  9 yellow draconians
  2 lorocyprocas (Depths:2)
  16 deep elf annihilators
  3 crystal guardians
  8 spark wasps
  An ettin (shapeshifter) (Vaults:4)
  7 merfolk impalers
  11 deep elf death magi
  17 ettins
  4 eidola
  6 merfolk javelineers
  16 fire dragons
  The ghost of oneeyed the Bludgeoner, a journeyman MiBe of Trog (Lair:2)
  12 deep elf high priests
  The ghost of Kotami the Carver, a journeyman OpFi of Dithmenos (Lair:2)
  A fire dragon (shapeshifter) (Depths:2)
  11 ice dragons
  3 rakshasas
  8 great orbs of eyes
  18 yaktaur captains
  31 vault guards
  21 naga warriors
  2 juggernaut simulacra (Depths:2)
  10 spriggan air magi
  6 merfolk aquamancers (Shoals:4)
  The ghost of Huxoxzufuz the Blocker, a journeyman GnFi of Hepliaklqana (Lair:2)
  The ghost of Tighew the Blocker, a journeyman GnFi of Hepliaklqana (Lair:2)
  5 catoblepae
  3 death knights
  6 hydras
  Erica (Lair:2)
  3 alligator snapping turtles
  6 anacondas (Snake:1)
  11 centaur warriors
  5 merfolk avatars
  25 dancing weapons
  2 deep troll shamans (Vaults:3)
  A satyr (Shoals:4)
  5 large abominations
  6 vampire magi
  14 death yaks
  6 deep troll earth magi
  35 two-headed ogres
  17 naga sharpshooters
  A death scarab (Gauntlet)
  12 ogre magi
  10 tengu warriors
  A storm dragon zombie (Crypt:1)
  A titan zombie (Crypt:3)
  3 spriggan berserkers
  A soul eater (Depths:5)
  7 shock serpents
  2 titan skeletons
  26 hell knights
  38 deep elf knights
  28 skeletal warriors
  4 shadow wraiths
  A wretched star (Gauntlet)
  2 sixfirhies (Zot:3)
  18 deep trolls
  A torturous demonspawn (Depths:5)
  A swamp dragon (shapeshifter) (Depths:2)
  A quicksilver dragon simulacrum (Crypt:1)
  A death drake (shapeshifter) (Depths:2)
  2 unseen horrors
  4 sea snakes
  30 deep elf archers
  2 glowing orange brains
  A shadow demon (Depths:5)
  9 wizards
  2 obsidian statues
  5 flayed ghosts
  A lindwurm (Volcano)
  An anaconda skeleton (Crypt:3)
  A harpy (shapeshifter) (Elf:3)
  14 necromancers
  Pikel (D:8)
  20 harpies
  11 ironbrand convokers
  7 phantasmal warriors
  A wolf spider zombie (D:14)
  A sphinx zombie (Crypt:1)
  7 naga ritualists
  19 orc knights
  87 deep elf magi
  An iron dragon zombie (Crypt:3)
  An oklob plant (Lair:6)
  8 orc sorcerers
  3 wolf spiders
  A stone giant zombie (Crypt:3)
  A shining eye (shapeshifter) (Depths:2)
  A lindwurm (shapeshifter) (Depths:3)
  7 mana vipers
  5 cyclopes
  An iron dragon skeleton (Crypt:3)
  A faun (shapeshifter) (D:12)
  18 manticores
  25 moths of wrath
  A cyclops (shapeshifter) (Depths:4)
  6 merfolk sirens
  34 ugly things
  14 fauns
  An elephant (shapeshifter) (Vaults:3)
  Maurice (D:13)
  8 salamanders
  6 vault sentinels
  18 black mambas
  A human skeleton (Vaults:1)
  A centaur zombie (D:14)
  19 naga magi
  6 guardian serpents
  2 frost giant skeletons
  Joseph (D:8)
  A torpor snail (Lair:6)
  A fire giant skeleton (Crypt:3)
  5 water nymphs
  3 gargoyles
  A storm dragon simulacrum (Vaults:1)
  6 spiny frogs
  A torpor snail (shapeshifter) (Depths:3)
  3 elephants (Lair:3)
  4 centaur skeletons
  A purple draconian zombie (Crypt:1)
  A dire elephant skeleton (Crypt:3)
  2 swamp worm zombies (Crypt:1)
  A kobold demonologist (D:13)
  A rime drake (shapeshifter) (Vaults:3)
  9 komodo dragons
  52 yaktaurs
  3 rime drakes
  A hellwing (Depths:5)
  10 freezing wraiths
  A meliai (D:12)
  25 merfolk
  A troll (shapeshifter) (Depths:3)
  A shadow dragon simulacrum (Vaults:3)
  A hydra zombie (Crypt:3)
  9 trolls
  3 polar bears
  5 wind drakes
  4 hornets
  4 bog bodies
  A snapping turtle (shapeshifter) (Elf:3)
  6 blink frogs
  A raiju (Zot:3)
  7 snapping turtles
  A raiju (shapeshifter) (Vaults:5)
  36 slime creatures
  3 meliai zombies
  A tarantella zombie (Crypt:2)
  A dream sheep (shapeshifter) (Depths:1)
  A frost giant simulacrum (Crypt:1)
  11 hippogriffs
  A fire giant simulacrum (Vaults:1)
  4 dream sheep (Lair:6)
  A black mamba zombie (Crypt:3)
  34 flying skulls (Crypt:3)
  An alligator skeleton (Crypt:3)
  A tarantella (shapeshifter) (Vaults:2)
  2 air elementals (Elf:3)
  7 fire bats (Volcano)
  5 wyverns
  6 vampires
  4 fire elementals (Elf:1)
  A shadow (Crypt:1)
  A dire elephant simulacrum (Crypt:1)
  43 yaks
  3 spriggans
  11 water elementals
  8 wraiths
  A golden eye (shapeshifter) (Vaults:5)
  4 hogs (D:8)
  7 basilisks
  A chaos spawn (Depths:5)
  A human (D:8)
  The ghost of Callino the Poker, an amateur MfGl (D:4)
  3 hungry ghosts
  A neqoxec (Gauntlet)
  A small abomination (Depths:3)
  2 vampire mosquitoes (D:15)
  9 wargs
  Edmund (D:6)
  68 nagas
  A spectral spiny frog (Gauntlet)
  3 two-headed ogre zombies (WizLab)
  A deep troll zombie (Crypt:1)
  Duvessa (D:5)
  A soldier ant (D:15)
  10 water moccasins
  6 porcupines
  A faun skeleton (Crypt:1)
  13 hell hounds
  2 floating eyes
  2 hornet zombies
  An infernal demonspawn skeleton (Crypt:1)
  2 slaves (D:8)
  37 orc warriors
  2 ice beasts
  4 sky beasts
  5 black bears
  4 necrophages
  2 eyes of draining
  A tengu (shapeshifter) (D:13)
  2 human zombies (Vaults:1)
  An elephant zombie (Crypt:2)
  A swamp dragon zombie (Crypt:1)
  4 phantoms
  17 boggarts
  31 ogres
  5 wolves (Lair:5)
  16 centaurs
  17 crocodiles
  A big kobold (D:8)
  A rime drake skeleton (Crypt:2)
  17 bullfrogs
  A cyclops zombie (Crypt:2)
  A wyvern zombie (D:9)
  5 earth elementals
  Dowan (D:5)
  A warg zombie (Crypt:1)
  A cyclops skeleton (Crypt:1)
  4 scorpions
  8 troll zombies (WizLab)
  10 wights
  3 killer bees (D:9)
  A snapping turtle simulacrum (Crypt:1)
  4 electric eels
  2 howler monkeys (D:10)
  10 lava snakes (Volcano)
  A wolf zombie (Crypt:2)
  A bullfrog zombie (D:8)
  3 crimson imps
  A human simulacrum (Vaults:1)
  4 hounds
  2 jellies
  3 bullfrog skeletons
  17 orc priests
  Ijyb (D:5)
  An iguana (shapeshifter) (Vaults:1)
  Terence (D:2)
  Natasha (thrice) (D:2)
  6 iguanas
  47 orc wizards
  12 worker ants
  4 lightning spires (Zot:3)
  5 ogre zombies (WizLab)
  2 naga skeletons (Crypt:1)
  2 hound zombies
  2 hound skeletons
  A spectral worker ant (D:11)
  7 gnolls
  2 howler monkey skeletons
  2 worker ant zombies
  13 adders
  9 river rats (D:8)
  3 shadow imps
  An ooze (D:3)
  An adder zombie (D:8)
  3 adder skeletons
  A worm (D:2)
  A dart slug (D:1)
  7 leopard geckos
  96 orcs
  An orc (shapeshifter) (Vaults:5)
  2 ball pythons
  5 giant cockroaches
  13 goblins
  6 hobgoblins
  2 jackals (D:2)
  10 kobolds
  6 quokkas
  9 bats
  5 frilled lizards
  An orc simulacrum (Crypt:1)
  2 quokka skeletons
  22 rats
  7 crawling corpses
  2 fungi
  3 plants
  A withered plant (Gauntlet)
2447 creatures vanquished.

Vanquished Creatures (collateral kills)
  A curse toe (Zot:5)
  A golden dragon (Depths:4)
  A caustic shrike (Depths:5)
  An electric golem (Zot:1)
  4 tentacled monstrosities
  2 Orb Guardians (Zot:5)
  2 liches
  2 titans
  A deep elf master archer (Depths:2)
  2 tengu reavers
  2 storm dragons
  3 shadow dragons
  A nagaraja (Snake:4)
  2 fire giants
  A deep elf sorcerer (Elf:3)
  A ghost moth (Zot:2)
  3 draconian shifters
  2 vault wardens (Vaults:5)
  3 draconian annihilators
  A war gargoyle (Depths:2)
  2 draconian stormcallers (Zot:1)
  A spriggan defender (Depths:3)
  2 ironheart preservers (Vaults:5)
  3 stone giants
  2 very ugly things
  An entropy weaver (Vaults:5)
  2 green draconians
  4 deep elf annihilators
  6 black draconians
  A yellow draconian (Zot:4)
  A purple draconian (Zot:2)
  3 white draconians
  2 red draconians
  A spark wasp (Depths:2)
  A crystal guardian (Crypt:3)
  2 ettins (Vaults:5)
  A deep elf death mage (Depths:4)
  Josephine (D:13)
  An ettin (shapeshifter) (Depths:3)
  3 fire dragons
  4 ogre magi
  2 yaktaur captains (Vaults:5)
  A deep elf high priest (Vaults:5)
  2 ice dragons
  A great orb of eyes (Depths:1)
  A rakshasa (Vaults:3)
  3 naga warriors
  An ice dragon (shapeshifter) (Depths:2)
  2 vault guards (Vaults:5)
  A centaur warrior (Depths:3)
  A satyr (Shoals:3)
  A catoblepas (Lair:6)
  A catoblepas (shapeshifter) (Depths:2)
  A death yak (Lair:6)
  5 two-headed ogres
  3 deep troll earth magi
  A two-headed ogre (shapeshifter) (Vaults:5)
  A death yak (shapeshifter) (Vaults:5)
  An anaconda (Snake:1)
  A deep troll shaman (Depths:1)
  A tengu warrior (Depths:3)
  A shock serpent (Zot:3)
  2 naga sharpshooters (Snake:1)
  A glowing orange brain (Depths:3)
  3 deep trolls
  A wizard (Vaults:3)
  A naga ritualist (Snake:1)
  2 ironbrand convokers
  A phantasmal warrior (Depths:1)
  2 flayed ghosts
  4 deep elf archers
  A necromancer (Depths:3)
  2 harpies
  5 deep elf magi
  A mana viper (shapeshifter) (Depths:2)
  4 fauns
  A manticore (Shoals:2)
  2 guardian serpents (Snake:4)
  2 naga magi (Depths:2)
  4 black mambas
  A vault sentinel (Vaults:5)
  A water nymph (Shoals:2)
  An elephant (shapeshifter) (Vaults:5)
  A moth of wrath (Zot:3)
  An eye of devastation (Depths:1)
  A komodo dragon (shapeshifter) (Vaults:5)
  5 yaktaurs
  A komodo dragon (Lair:6)
  A troll (Vaults:2)
  A tengu conjurer (Depths:1)
  2 merfolk (Shoals:2)
  4 slime creatures
  A blink frog (Lair:4)
  A blink frog (shapeshifter) (Depths:1)
  A raiju (Zot:3)
  A snapping turtle (Shoals:1)
  10 dream sheep (Lair:6)
  A wraith (D:13)
  A spriggan (shapeshifter) (Vaults:5)
  4 yaks
  A wyvern (Lair:6)
  5 water elementals
  3 chaos spawn (Depths:3)
  6 large abominations
  5 nagas
  A water moccasin (Lair:6)
  3 orc warriors
  A porcupine (Lair:4)
  An ogre (Vaults:5)
  A boggart (Vaults:3)
  A crocodile (Lair:1)
  7 small abominations
  A lightning spire (Zot:3)
  5 orcs
  5 crawling corpses (Vaults:5)
  A fungus (Lair:6)
  4 plants
242 creatures vanquished.

Vanquished Creatures (others)
  A shadow dragon (Vaults:5)
  A deep elf sorcerer (Elf:3)
  A stone giant (Depths:4)
  A white draconian (Zot:1)
  A yaktaur captain (Vaults:5)
  A fire dragon (Vaults:5)
  A vault guard (Vaults:5)
  A hell knight (Vaults:5)
  A deep troll (Vaults:3)
  A necromancer (Depths:3)
  A deep elf mage (Elf:1)
  A guardian serpent (shapeshifter) (Depths:4)
  A naga mage (Snake:1)
  A kobold demonologist (D:12)
  A small abomination (Depths:3)
  A slave (D:8)
  2 ogres
  An orc wizard (Orc:2)
  5 ball lightnings (Zot:3)
  An orc (Orc:2)
  2 bushes (Lair:6)
  13 fungi
  6 plants
  14 withered plants (Gauntlet)
60 creatures vanquished.

Grand Total: 2749 creatures vanquished

Notes
Turn   | Place    | Note
-------+----------+-------------------------------------------
     0 | D:1      | kwaehwal the Octopode Fighter began the quest for the Orb.
     0 | D:1      | Reached XP level 1. HP: 16/16 MP: 1/1
     2 | D:1      | Noticed a minotaur
     2 | D:1      | Noticed a vampire
     4 | D:1      | Noticed a merfolk
     6 | D:1      | Noticed a halfling
     6 | D:1      | Noticed a vine stalker
     8 | D:1      | Noticed a draconian
    10 | D:1      | Noticed a naga
    10 | D:1      | Noticed a human
    12 | D:1      | Noticed a demigod
    14 | D:1      | Noticed a ghoul
    14 | D:1      | Noticed a gargoyle
    16 | D:1      | Noticed a dwarf
    16 | D:1      | Noticed a troll
    18 | D:1      | Noticed a spriggan
    18 | D:1      | Noticed an octopode
    20 | D:1      | Noticed an elf
    20 | D:1      | Noticed a demonspawn
    22 | D:1      | Noticed a tengu
    25 | D:1      | Noticed an ogre
    25 | D:1      | Noticed a felid
    27 | D:1      | Noticed a formicid
    27 | D:1      | Noticed a centaur
   410 | D:1      | Reached XP level 2. HP: 21/21 MP: 2/2
   815 | D:1      | Reached XP level 3. HP: 26/26 MP: 3/3
   821 | D:1      | Reached skill level 1 in Stealth
  1366 | D:2      | Noticed Terence
  1380 | D:2      | Killed Terence
  1380 | D:2      | Reached XP level 4. HP: 31/31 MP: 4/4
  1505 | D:2      | You fall into a shaft and drop 2 floors!
  1684 | D:2      | Reached skill level 3 in Axes
  1852 | D:2      | Noticed Natasha
  1863 | D:2      | Killed Natasha
  1863 | D:2      | Reached XP level 5. HP: 13/36 MP: 5/5
  2209 | D:2      | Noticed Natasha
  2216 | D:2      | Killed Natasha
  2344 | D:2      | Noticed Natasha
  2347 | D:2      | Killed Natasha
  2347 | D:2      | Reached skill level 1 in Evocations
  2685 | D:3      | Reached skill level 4 in Axes
  2975 | D:2      | Gained mutation: You have an increased reservoir of magic.
                  | (+10% MP) [potion of mutation]
  2975 | D:2      | Gained mutation: You are resistant to hostile enchantments.
                  | (MR+) [potion of mutation]
  2976 | D:2      | Lost mutation: You are resistant to hostile enchantments.
                  | (MR+) [potion of mutation]
  2976 | D:2      | Gained mutation: You are agile. (Dex +2) [potion of
                  | mutation]
  2976 | D:2      | Gained mutation: Your flesh is heat resistant. (rF+)
                  | [potion of mutation]
  2976 | D:2      | Gained mutation: Your system is resistant to poisons.
                  | (rPois) [potion of mutation]
  3073 | D:3      | Found a runed translucent door.
  3073 | D:3      | Noticed LifeIsToil's ghost (amateur DsGl)
  3267 | D:3      | Reached XP level 6. HP: 42/42 MP: 7/7
  3473 | D:3      | Got a scintillating platinum ring
  3476 | D:3      | Identified the ring "Ziucom" {*Corrode rElec MP+9 SInv
                  | Stlth-} (You found it on level 3 of the Dungeon)
  4007 | D:4      | Found Daifoddelo's General Store.
  4015 | D:4      | Bought a scroll of magic mapping for 49 gold pieces
  4015 | D:4      | Bought a potion of heal wounds for 70 gold pieces
  4040 | D:4      | Found a runed translucent gate.
  4040 | D:4      | Found a runed translucent gate.
  4052 | D:4      | Found a runed translucent gate.
  4053 | D:4      | Noticed Callino's ghost (amateur MfGl)
  4361 | D:5      | Entered Level 5 of the Dungeon
  4451 | D:5      | Reached skill level 1 in Throwing
  4477 | D:5      | Reached XP level 7. HP: 43/47 MP: 9/9
  4493 | D:5      | Reached skill level 5 in Axes
  4895 | D:5      | Noticed Ijyb
  4901 | D:5      | Noticed Duvessa
  4903 | D:5      | Killed Ijyb
  4905 | D:5      | Noticed Dowan
  4921 | D:5      | Killed Duvessa
  4921 | D:5      | Reached XP level 8. HP: 29/54 MP: 11/11
  5178 | D:5      | Reached skill level 6 in Axes
  5289 | D:5      | Killed Dowan
  5415 | D:5      | Found a runed translucent door.
  5416 | D:5      | Noticed Crazy Yiuf
  5705 | D:6      | Found an opulent altar of Gozag.
  5816 | D:6      | HP: 2/54 [ice beast (8)]
  6056 | D:6      | Noticed Edmund
  6068 | D:6      | Killed Edmund
  7315 | D:7      | Reached skill level 7 in Axes
  7396 | D:7      | Found Tamnuode's Weapon Emporium.
  7768 | D:7      | Noticed a two-headed ogre
  7843 | D:7      | Killed a two-headed ogre
  7843 | D:7      | Reached skill level 5 in Fighting
  7843 | D:7      | Reached skill level 8 in Axes
  7843 | D:7      | Reached skill level 5 in Shields
  7843 | D:7      | Reached XP level 9. HP: 41/61 MP: 12/12
  8200 | D:7      | Found a staircase to the Ecumenical Temple.
  8206 | Temple   | Entered the Ecumenical Temple
  8294 | Temple   | Became a worshipper of Cheibriados the Contemplative
  8440 | D:8      | You fall into a shaft and drop 1 floor!
  8574 | D:9      | Noticed a +0 hand axe
  8575 | D:9      | Noticed a +0 dagger
  8670 | D:9      | Found a hide-covered altar of Uskayaw.
  8677 | D:9      | Found a faded altar of an unknown god.
  8677 | D:9      | Found a stormy altar of Qazlal.
  8682 | D:9      | Found a faded altar of an unknown god.
  8684 | D:9      | Found a radiant altar of Vehumet.
  8686 | D:9      | Found a glowing silver altar of Zin.
  8779 | D:8      | Found Lubruer's Armour Emporium.
  8896 | D:8      | Found a shimmering blue altar of Sif Muna.
  8931 | D:8      | Reached skill level 5 in Throwing
  9185 | D:8      | Noticed Gastronok
  9263 | D:8      | Noticed Pikel
  9411 | D:8      | Killed Pikel
  9411 | D:8      | Reached XP level 10. HP: 54/69 MP: 13/13
  9787 | D:8      | Reached * piety under Cheibriados
 10035 | D:8      | Noticed Joseph
 10046 | D:8      | Killed Joseph
 10665 | D:7      | Bought a +4 war axe of electrocution for 460 gold pieces
 11079 | D:9      | Reached ** piety under Cheibriados
 11079 | D:9      | Reached skill level 1 in Invocations
 11100 | D:9      | Found a shimmering altar of Xom.
 11153 | D:9      | Found a shimmering altar of Xom.
 11155 | D:9      | Found a shimmering altar of Xom.
 11252 | D:9      | Found a shimmering altar of Xom.
 11254 | D:9      | Found a shimmering altar of Xom.
 11481 | D:9      | Found a staircase to the Orcish Mines.
 11921 | D:9      | Reached skill level 9 in Axes
 12117 | D:9      | Found a staircase to the Lair.
 12332 | D:9      | Learned a level 1 spell: Animate Skeleton
 12407 | D:10     | Entered Level 10 of the Dungeon
 12412 | D:10     | Reached *** piety under Cheibriados
 12605 | D:10     | Reached XP level 11. HP: 64/75 MP: 14/14
 12721 | D:10     | Reached skill level 1 in Necromancy
 12770 | D:10     | Reached skill level 5 in Dodging
 13344 | D:10     | Learned a level 2 spell: Passwall
 13535 | D:11     | Noticed a green ugly thing
 13545 | D:11     | Killed a green ugly thing
 13545 | D:11     | Reached skill level 10 in Axes
 13612 | D:11     | Reached **** piety under Cheibriados
 13937 | D:11     | HP: 2/77 [electric eel/bolt of electricity (10)]
 14497 | D:11     | Learned a level 3 spell: Regeneration
 14809 | D:12     | Noticed a red ugly thing
 15143 | D:12     | Noticed a white ugly thing
 15150 | D:12     | Killed a white ugly thing
 15156 | D:12     | Killed a red ugly thing
 15156 | D:12     | Reached skill level 1 in Charms
 15374 | D:12     | Reached skill level 1 in Spellcasting
 15464 | D:12     | Noticed a deep elf archer
 15469 | D:12     | Noticed a deep elf mage
 15476 | D:12     | Killed a deep elf archer
 15476 | D:12     | Reached ***** piety under Cheibriados
 15479 | D:12     | HP: 1/77 [orc warrior/+0 halberd (22)]
 15972 | D:12     | Noticed a great orb of eyes
 15989 | D:12     | HP: 1/77 [great orb of eyes (15)]
 15992 | D:12     | Killed a great orb of eyes
 16302 | D:12     | Noticed a tengu warrior
 16311 | D:12     | Killed a tengu warrior
 16316 | D:12     | Killed a deep elf mage
 16316 | D:12     | Reached skill level 11 in Axes
 16318 | D:12     | Noticed a faun
 16318 | D:12     | an elephant changed into a faun
 16324 | D:12     | Killed a faun
 16324 | D:12     | Reached XP level 12. HP: 60/82 MP: 9/16
 16584 | D:12     | Noticed a two-headed ogre
 16592 | D:12     | Killed a two-headed ogre
 17338 | D:13     | Noticed Maurice
 17341 | D:13     | Killed Maurice
 17929 | Lair:1   | Entered Level 1 of the Lair of Beasts
 17968 | Lair:1   | Got a smoking lead amulet
 18398 | Lair:1   | Reached skill level 12 in Axes
 18398 | Lair:1   | Reached skill level 5 in Invocations
 19119 | Lair:2   | Found a runed translucent gate.
 19120 | Lair:2   | Found a runed translucent gate.
 19359 | Lair:2   | Noticed Erica
 19365 | Lair:2   | Killed Erica
 19371 | Lair:2   | Identified the amulet "Hobev" {Spirit Dex+3} (You found it
                  | on level 1 of the Lair of Beasts)
 19593 | Lair:2   | Found a runed translucent gate.
 19593 | Lair:2   | Noticed Huxoxzufuz's ghost (journeyman GnFi)
 19594 | Lair:2   | Noticed oneeyed's ghost (journeyman MiBe)
 19595 | Lair:2   | Noticed Kotami's ghost (journeyman OpFi)
 19595 | Lair:2   | Noticed Tighew's ghost (journeyman GnFi)
 20219 | Lair:3   | Found a dark tunnel.
 20235 | Volcano  | Entered a volcano
 20248 | Volcano  | Learned a level 1 spell: Apportation
 20306 | Volcano  | Reached XP level 13. HP: 69/89 MP: 20/20
 20382 | Volcano  | Noticed a fire dragon
 20394 | Volcano  | Killed a fire dragon
 20401 | Volcano  | HP: 4/89 [lindwurm (12)]
 20748 | Volcano  | Found a bloodstained altar of Trog.
 21164 | D:8      | Bought the +3 hat of Pondering {ponderous, MR+ MP+10 Int+5}
                  | for 457 gold pieces
 21164 | D:8      | Found the +3 hat of Pondering {ponderous, MR+ MP+10 Int+5}
 21279 | Lair:3   | Found a staircase to the Snake Pit.
 21389 | Lair:3   | Reached skill level 5 in Necromancy
 21405 | Lair:3   | Found a staircase to the Shoals.
 21633 | Lair:3   | Learned a level 5 spell: Borgnjor's Vile Clutch
 22140 | Lair:4   | Reached ****** piety under Cheibriados
 22409 | Lair:4   | Reached skill level 13 in Axes
 23126 | Lair:5   | Reached skill level 5 in Charms
 23731 | Lair:5   | You fall into a shaft and drop 1 floor!
 23731 | Lair:6   | Entered Level 6 of the Lair of Beasts
 24228 | Lair:6   | Reached XP level 14. HP: 97/97 MP: 22/22
 24350 | Lair:6   | Found an opulent altar of Gozag.
 24446 | Lair:6   | Found a staircase to the Slime Pits.
 24446 | Lair:6   | Found a viscous altar of Jiyva.
 24488 | Lair:6   | Reached skill level 14 in Axes
 25104 | Lair:6   | Reached skill level 1 in Transmutations
 25104 | Lair:6   | Reached skill level 1 in Earth Magic
 25456 | Lair:6   | Got a warped bronze ring
 25617 | Lair:6   | Identified the ring "Vimnaont" {Fire +Blink} (You found it
                  | on level 6 of the Lair of Beasts)
 25618 | Lair:6   | Upgraded the game from 0.24.1-5-g77f818bfca to
                  | 0.24.1-8-ga250c9d538
 25851 | Orc:1    | Entered Level 1 of the Orcish Mines
 25980 | Orc:2    | Entered Level 2 of the Orcish Mines
 26030 | Orc:2    | Found a staircase to the Elven Halls.
 26063 | Orc:2    | Reached skill level 15 in Axes
 26080 | Orc:2    | Learned a level 4 spell: Animate Dead
 26175 | Orc:2    | Found a roughly hewn altar of Beogh.
 26252 | Orc:2    | Noticed Nessos
 26261 | Orc:2    | Killed Nessos
 26261 | Orc:2    | Reached skill level 10 in Shields
 26409 | Orc:2    | Reached XP level 15. HP: 102/102 MP: 23/23
 26450 | Orc:2    | Found a roughly hewn altar of Beogh.
 26460 | Orc:2    | Found Ucosmurch's Armour Emporium.
 26488 | Orc:2    | Found Pov Otiw's Antique Weapon Boutique.
 26646 | Orc:2    | Found Kuifosem's Book Emporium.
 26697 | Orc:2    | Bought a book of the Earth for 1040 gold pieces
 26704 | Orc:2    | Learned a level 6 spell: Statue Form
 26709 | Orc:2    | Found Musuk's Antique Armour Boutique.
 26881 | Orc:2    | Found a roughly hewn altar of Beogh.
 27050 | Orc:1    | Noticed Jorgrun
 27058 | Orc:1    | Killed Jorgrun
 27613 | D:13     | Found a gate to the Vaults.
 27708 | D:13     | Noticed Josephine
 27715 | D:13     | Killed Josephine
 28110 | D:14     | Found a runed translucent door.
 28110 | D:14     | Found a runed translucent door.
 28111 | D:14     | Found the +2 shield of Resistance {rF+ rC+ MR+}
 28574 | D:15     | Entered Level 15 of the Dungeon
 28732 | D:15     | Found a gate leading to a gauntlet.
 28746 | Gauntlet | Entered a Gauntlet
 28746 | Gauntlet | Found a transporter.
 28746 | Gauntlet | Found a transporter.
 28750 | Gauntlet | Found a transporter.
 28750 | Gauntlet | Found a transporter.
 28770 | Gauntlet | Found a transporter.
 28770 | Gauntlet | Found a transporter.
 28771 | Gauntlet | Found a transporter.
 28774 | Gauntlet | Found a transporter.
 28801 | Gauntlet | Found a transporter.
 28808 | Gauntlet | Found a transporter.
 28826 | Gauntlet | Found a transporter.
 28844 | Gauntlet | Found a transporter.
 28882 | Gauntlet | Found a transporter.
 28884 | Gauntlet | Found a large runed translucent door.
 28884 | Gauntlet | Found a large runed translucent door.
 28885 | Gauntlet | Found a large runed translucent door.
 28885 | Gauntlet | Found a large runed translucent door.
 28886 | Gauntlet | Found a large runed translucent door.
 28886 | Gauntlet | Found a runed translucent door.
 28886 | Gauntlet | Found a large runed translucent door.
 28886 | Gauntlet | Found a runed translucent door.
 28886 | Gauntlet | Found a large runed translucent door.
 28886 | Gauntlet | Found a large runed translucent door.
 28887 | Gauntlet | Found a large runed translucent door.
 28887 | Gauntlet | Found a large runed translucent door.
 28890 | Gauntlet | Found a large runed translucent door.
 28890 | Gauntlet | Found a large runed translucent door.
 28892 | Gauntlet | Found a large runed translucent door.
 28892 | Gauntlet | Found a large runed translucent door.
 28892 | Gauntlet | Found a large runed translucent door.
 28894 | Gauntlet | Found a runed translucent gate.
 28894 | Gauntlet | Found a runed translucent gate.
 28894 | Gauntlet | Found a runed translucent gate.
 28896 | Gauntlet | Found a transporter.
 28907 | Gauntlet | Found a large runed translucent door.
 28997 | Gauntlet | Found a transporter.
 29013 | Gauntlet | Found a transporter.
 29161 | Gauntlet | Got a pitted jade ring
 29178 | Gauntlet | Identified the ring of the Five Emperors {Wiz *Slow Str+6}
                  | (You found it in a Gauntlet)
 29396 | Gauntlet | Found the +3 crown of Dyrovepreva {rElec Int+2 SInv}
 29810 | D:15     | Found a staircase to the Depths.
 29810 | D:15     | Noticed a frost giant
 29915 | D:15     | Reached skill level 10 in Fighting
 29926 | D:15     | Reached skill level 16 in Axes
 30279 | Snake:1  | Entered Level 1 of the Snake Pit
 30337 | Snake:1  | Reached XP level 16. HP: 99/109 MP: 25/25
 30368 | Snake:1  | Reached skill level 10 in Dodging
 30539 | Snake:1  | Reached skill level 5 in Spellcasting
 30646 | Snake:1  | Noticed a nagaraja
 30664 | Snake:1  | Killed a nagaraja
 30684 | Snake:1  | Found a runed translucent door.
 30684 | Snake:1  | Noticed Sagen's ghost (adept DrCj)
 30904 | Snake:2  | Found a shimmering altar of Xom.
 31472 | Snake:3  | Noticed Mara
 31483 | Snake:3  | Killed Mara
 31483 | Snake:3  | Reached skill level 5 in Earth Magic
 31639 | Snake:3  | Found a shimmering altar of Xom.
 32103 | Snake:3  | Identified a scroll of acquirement
 32357 | Snake:4  | Entered Level 4 of the Snake Pit
 32507 | Snake:4  | Reached XP level 17. HP: 91/116 MP: 27/27
 34080 | Snake:4  | Found Feylaz's Antique Weapon Shop.
 34112 | Snake:4  | Bought a glowing broad axe for 273 gold pieces
 34316 | Snake:4  | Reached skill level 17 in Axes
 34756 | Snake:4  | Got a serpentine rune of Zot
 35248 | D:14     | Reached XP level 18. HP: 124/124 MP: 31/31
 35309 | Vaults:1 | Entered Level 1 of the Vaults
 35446 | Vaults:1 | Reached skill level 5 in Transmutations
 36501 | Vaults:1 | Reached XP level 19. HP: 134/134 MP: 34/34
 36854 | Vaults:2 | Found Tofal's Assorted Antiques.
 36969 | Vaults:2 | Found Mosiekuwn's Antique Weapon Emporium.
 37480 | Vaults:2 | Noticed Saint Roka
 37508 | Vaults:2 | Killed Saint Roka
 37628 | Vaults:2 | Found Xuimice's Weapon Shop.
 37628 | Vaults:2 | Found a runed translucent gate.
 37628 | Vaults:2 | Found a runed translucent gate.
 37628 | Vaults:2 | Found a runed translucent gate.
 37629 | Vaults:2 | Found an opulent altar of Gozag.
 37634 | Vaults:2 | Noticed markt42's ghost (adept GrFi)
 37641 | Vaults:2 | Noticed a tentacled monstrosity
 37981 | Vaults:2 | Found a staircase to the Crypt.
 38130 | Vaults:2 | Found Nimmizxui's Assorted Antiques.
 38271 | Vaults:3 | Noticed Xtahua
 38278 | Vaults:3 | Killed Xtahua
 38284 | Vaults:3 | Gained mutation: You are weak. (Str -2) [a shining eye]
 38320 | Vaults:3 | Got a flickering amber ring
 38354 | Vaults:3 | Reached skill level 10 in Earth Magic
 38442 | Vaults:3 | Reached XP level 20. HP: 135/144 MP: 36/36
 38896 | Vaults:3 | Found Xylyokli's Food Shoppe.
 39340 | Vaults:3 | Reached skill level 15 in Fighting
 39949 | Vaults:4 | Identified the ring "Gaugal" {rF+ MR+ Int+4 Dex+2 Slay+5}
                  | (You found it on level 3 of the Vaults)
 40237 | Vaults:4 | Reached skill level 10 in Spellcasting
 40608 | Vaults:4 | Reached XP level 21. HP: 151/151 MP: 38/38
 40830 | Vaults:4 | Reached skill level 18 in Axes
 41142 | Elf:1    | Entered Level 1 of the Elven Halls
 41547 | Elf:1    | Reached skill level 10 in Transmutations
 41692 | Elf:1    | Found Enunkor's Food Boutique.
 41914 | Elf:1    | Found a sparkling altar of Nemelex Xobeh.
 42009 | Elf:1    | Reached skill level 15 in Shields
 42728 | Elf:2    | Found a runed translucent gate.
 42728 | Elf:2    | Found a runed translucent gate.
 42728 | Elf:2    | Found a runed translucent gate.
 42946 | Elf:3    | Entered Level 3 of the Elven Halls
 43003 | Elf:3    | Found Eneofry's Distillery.
 43003 | Elf:3    | Found Xetummim's Jewellery Shop.
 43038 | Elf:3    | Bought a potion of heal wounds for 75 gold pieces
 43038 | Elf:3    | Bought a potion of heal wounds for 75 gold pieces
 43253 | Elf:3    | Reached skill level 10 in Necromancy
 43796 | Elf:3    | Reached XP level 22. HP: 158/158 MP: 40/40
 44099 | Elf:3    | Learned a level 4 spell: Summon Lightning Spire
 44226 | Elf:3    | Reached skill level 1 in Air Magic
 44227 | Elf:3    | Reached skill level 1 in Summonings
 44297 | Elf:3    | Identified the cursed +1 demon trident "Zoukaod" {pain,
                  | Str+2}
 44351 | Elf:3    | Got a fine silver ring
 44352 | Elf:3    | Identified the ring of the Skies Above {*Contam rElec rC+
                  | Dex+6} (You found it on level 3 of the Elven Halls)
 44375 | Elf:3    | Learned a level 6 spell: Death Channel
 44398 | Elf:3    | Got a sparkling glass ring
 44457 | Elf:3    | Identified the cursed ring "Vioj" {rPois rC+++ MP+9 Int-3
                  | Dex-5} (You found it on level 3 of the Elven Halls)
 44516 | Elf:3    | Identified the ring "Taure" {Int+3 Stlth-} (You found it on
                  | level 3 of the Elven Halls)
 44661 | Elf:3    | Bought the ring "Hipteb" {Wiz rElec rN+} for 771 gold
                  | pieces
 44892 | Crypt:1  | Entered Level 1 of the Crypt
 45123 | Crypt:1  | Noticed Margery
 45136 | Crypt:1  | Killed Margery
 45937 | Crypt:2  | Reached skill level 10 in Invocations
 46397 | Crypt:3  | Entered Level 3 of the Crypt
 46406 | Crypt:3  | Reached skill level 5 in Summonings
 46479 | Crypt:3  | Reached XP level 23. HP: 165/165 MP: 42/42
 46665 | Crypt:3  | Found a staircase to the Tomb.
 46953 | Crypt:3  | Got a pitted iron ring
 46954 | Crypt:3  | Identified the ring of Xakkuo {rN+ Str+5} (You found it on
                  | level 3 of the Crypt)
 46955 | Crypt:3  | Identified the ring "Kimob" {rC+ rN+} (You found it on
                  | level 3 of the Crypt)
 46956 | Crypt:3  | Identified the ring "Zasucwiodd" {-Tele rN+ MR- Str+4
                  | Dex+4} (You found it on level 3 of the Crypt)
 47078 | Crypt:3  | Noticed Boris
 47081 | Crypt:3  | Noticed an ancient lich
 47083 | Crypt:3  | Found a shimmering altar of Xom.
 47089 | Crypt:3  | Killed an ancient lich
 47090 | Crypt:3  | Killed Boris
 47703 | Shoals:1 | Entered Level 1 of the Shoals
 49275 | Shoals:3 | Found Jyozolly's Jewellery Shoppe.
 49952 | Shoals:4 | Entered Level 4 of the Shoals
 49974 | Shoals:4 | Got a shimmering iron ring
 49975 | Shoals:4 | Identified the ring of Yniqeum {rF+ MR++ Int-2 Dex+2 SInv}
                  | (You found it on level 4 of the Shoals)
 50042 | Shoals:4 | Noticed Ilsuiw
 50046 | Shoals:4 | Noticed Polyphemus
 50063 | Shoals:4 | Killed Polyphemus
 50065 | Shoals:4 | Killed Ilsuiw
 50065 | Shoals:4 | Reached XP level 24. HP: 154/173 MP: 43/43
 50528 | Shoals:4 | Got a barnacled rune of Zot
 51103 | Depths:1 | Entered Level 1 of the Depths
 51203 | Depths:1 | Noticed the Enchantress
 51212 | Depths:1 | Killed the Enchantress
 51212 | Depths:1 | Found a gateway to a ziggurat.
 51225 | Depths:1 | Paralysed by a floating eye for 3 turns
 51228 | Depths:1 | Paralysed by a floating eye for 2 turns
 51437 | Depths:1 | Noticed Boris
 51447 | Depths:1 | Killed Boris
 51475 | Depths:1 | Found a shattered altar of Ashenzari.
 51553 | Depths:1 | Found a gateway to Hell.
 51854 | Depths:1 | Learned a level 6 spell: Deflect Missiles
 51864 | Depths:1 | Learned a level 6 spell: Shadow Creatures
 52175 | Depths:2 | Noticed Bai Suzhen
 52205 | Depths:2 | Killed Bai Suzhen
 52205 | Depths:2 | Reached skill level 10 in Summonings
 52211 | Depths:2 | Reached XP level 25. HP: 181/181 MP: 11/43
 52480 | Depths:2 | Found a one-way gate leading to the halls of Pandemonium.
 52970 | Vaults:2 | Bought a scroll of brand weapon for 440 gold pieces
 53533 | D:4      | Bought a scroll of enchant weapon for 105 gold pieces
 53533 | D:4      | Bought a scroll of enchant weapon for 105 gold pieces
 53871 | Vaults:2 | Bought a potion of heal wounds for 110 gold pieces
 54163 | D:4      | Killed Callino's ghost
 54441 | Lair:2   | Killed Kotami's ghost
 54445 | Lair:2   | Killed Tighew's ghost
 54451 | Lair:2   | Killed Huxoxzufuz's ghost
 54451 | Lair:2   | Killed oneeyed's ghost
 54555 | Snake:1  | Killed Sagen's ghost
 54863 | Vaults:2 | Killed markt42's ghost
 55014 | Vaults:2 | Bought a scroll of enchant weapon for 285 gold pieces
 55014 | Vaults:2 | Bought a potion of might for 152 gold pieces
 55275 | Depths:3 | Noticed Jory
 55283 | Depths:3 | Killed Jory
 55286 | Depths:3 | Found a magical portal.
 55482 | WizLab   | Noticed an antique lich
 55489 | WizLab   | Killed an antique lich
 55489 | WizLab   | Reached skill level 19 in Axes
 55519 | WizLab   | Found the +9 sword of Zonguldrok {reap}
 55717 | Depths:3 | Found a one-way gate to the infinite horrors of the Abyss.
 55896 | Depths:3 | Noticed Nikola
 55903 | Depths:3 | Killed Nikola
 56012 | Depths:3 | Reached skill level 15 in Invocations
 56014 | Depths:3 | You fall into a shaft and drop 2 floors!
 56014 | Depths:5 | Entered Level 5 of the Depths
 56017 | Depths:5 | Reached skill level 15 in Dodging
 56408 | Depths:5 | Found a gate to the Realm of Zot.
 56430 | Depths:5 | Reached XP level 26. HP: 160/190 MP: 43/43
 57032 | Depths:4 | Paralysed by a floating eye for 3 turns
 57328 | Depths:4 | Reached skill level 15 in Necromancy
 57760 | Depths:4 | Found a runed translucent door.
 57791 | Depths:4 | Noticed an ancient lich
 57792 | Depths:4 | Found a radiant altar of Vehumet.
 57807 | Depths:4 | Killed an ancient lich
 57814 | Depths:4 | Identified the Reference Book on Attacks
 57921 | Depths:4 | Found Halikk's Weapon Emporium.
 58400 | Depths:3 | Reached skill level 20 in Axes
 58524 | Depths:3 | Noticed a juggernaut
 58530 | Depths:3 | Killed a juggernaut
 58569 | Depths:3 | Reached XP level 27. HP: 198/198 MP: 43/43
 59163 | Vaults:5 | Entered Level 5 of the Vaults
 59194 | Vaults:5 | Noticed Boris
 59205 | Vaults:5 | Killed Boris
 59358 | Vaults:5 | Found Eterr's Food Shoppe.
 59358 | Vaults:5 | Found Geurerogh's Distillery.
 59485 | Vaults:5 | Noticed an ancient lich
 59491 | Vaults:5 | Killed an ancient lich
 59874 | Vaults:5 | Found Teuklima's Distillery.
 59875 | Vaults:5 | Bought a potion of heal wounds for 90 gold pieces
 59875 | Vaults:5 | Bought a potion of brilliance for 72 gold pieces
 59875 | Vaults:5 | Bought a potion of heal wounds for 90 gold pieces
 59875 | Vaults:5 | Bought a potion of magic for 144 gold pieces
 59875 | Vaults:5 | Bought a potion of heal wounds for 90 gold pieces
 59875 | Vaults:5 | Bought a potion of cancellation for 144 gold pieces
 59882 | Vaults:5 | Bought a potion of heal wounds for 65 gold pieces
 59882 | Vaults:5 | Bought a potion of heal wounds for 65 gold pieces
 59882 | Vaults:5 | Bought a potion of heal wounds for 65 gold pieces
 60010 | Vaults:5 | Found Tat Illi's Gadget Boutique.
 60010 | Vaults:5 | Found Niokuf's Magic Scroll Boutique.
 60014 | Vaults:5 | Found Kuic's Antique Weapon Shoppe.
 60018 | Vaults:5 | Bought a scroll of enchant weapon for 180 gold pieces
 60031 | Vaults:5 | Found Cushotia's Jewellery Shop.
 60155 | Vaults:5 | Found Didgh's Distillery.
 60166 | Vaults:5 | Bought a potion of heal wounds for 85 gold pieces
 60166 | Vaults:5 | Bought a potion of curing for 51 gold pieces
 60166 | Vaults:5 | Bought a potion of heal wounds for 85 gold pieces
 60166 | Vaults:5 | Bought a potion of brilliance for 68 gold pieces
 60166 | Vaults:5 | Bought 2 potions of brilliance for 136 gold pieces
 60184 | Vaults:5 | Found Cihoiral's Distillery.
 60184 | Vaults:5 | Found Xesosixe's Distillery.
 60195 | Vaults:5 | Bought a potion of brilliance for 60 gold pieces
 60195 | Vaults:5 | Bought a potion of might for 60 gold pieces
 60195 | Vaults:5 | Bought a potion of might for 60 gold pieces
 60205 | Vaults:5 | Found Xamot's Distillery.
 60210 | Vaults:5 | Bought a potion of heal wounds for 70 gold pieces
 60210 | Vaults:5 | Bought a potion of heal wounds for 70 gold pieces
 60210 | Vaults:5 | Bought a potion of heal wounds for 70 gold pieces
 60210 | Vaults:5 | Bought a potion of brilliance for 56 gold pieces
 60226 | Vaults:5 | Reached skill level 21 in Axes
 60277 | Vaults:5 | Found Desesm's Distillery.
 60281 | Vaults:5 | Bought a potion of cancellation for 120 gold pieces
 60281 | Vaults:5 | Bought a potion of brilliance for 60 gold pieces
 60281 | Vaults:5 | Bought a potion of might for 60 gold pieces
 60335 | Vaults:5 | Found Peuxkit's Armour Boutique.
 60347 | Vaults:5 | Got a silver rune of Zot
 60405 | Vaults:5 | Found Xajoesur's Distillery.
 60799 | Zot:1    | Entered Level 1 of the Realm of Zot
 61108 | Zot:1    | Learned a level 8 spell: Infestation
 61584 | Zot:2    | HP: 9/263 [quicksilver dragon (13)]
 64109 | Zot:4    | Found a transporter.
 64211 | Zot:4    | Found a transporter.
 64284 | Zot:4    | Found a transporter.
 64285 | Zot:4    | Found the +0 mask of the Dragon {MR+ Slay+3 SInv}
 64502 | Zot:4    | Found a transporter.
 64948 | Zot:5    | Entered Level 5 of the Realm of Zot
 64976 | Zot:5    | Found Nexennesk's Changing Room.
 65094 | Zot:5    | Reached skill level 15 in Spellcasting
 65148 | Zot:5    | Noticed an orb of fire
 65148 | Zot:5    | Noticed an orb of fire
 65161 | Zot:5    | Gained mutation: You are frail. (-10% HP) [an orb of fire]
 65162 | Zot:5    | Killed an orb of fire
 65166 | Zot:5    | Gained mutation: Scrolls take you a little longer to read.
                  | [an orb of fire]
 65167 | Zot:5    | Killed an orb of fire
 65982 | Vaults:5 | Bought a potion of mutation for 136 gold pieces
 65982 | Vaults:5 | Bought a potion of mutation for 136 gold pieces
 66000 | Vaults:5 | Bought a potion of mutation for 144 gold pieces
 66034 | Vaults:5 | Bought a potion of mutation for 168 gold pieces
 66034 | Vaults:5 | Bought a potion of brilliance for 84 gold pieces
 66034 | Vaults:5 | Bought 2 potions of heal wounds for 210 gold pieces
 66034 | Vaults:5 | Bought a potion of resistance for 210 gold pieces
 66034 | Vaults:5 | Bought a potion of heal wounds for 105 gold pieces
 66034 | Vaults:5 | Lost mutation: Scrolls take you a little longer to read.
                  | [potion of mutation]
 66034 | Vaults:5 | Lost mutation: You are agile. (Dex +2) [potion of mutation]
 66034 | Vaults:5 | Lost mutation: You are weak. (Str -2) [potion of mutation]
 66034 | Vaults:5 | Gained mutation: You are dopey. (Int -2) [potion of
                  | mutation]
 66034 | Vaults:5 | Gained mutation: You have a considerably increased
                  | reservoir of magic. (+20% MP) [potion of mutation]
 66035 | Vaults:5 | Lost mutation: Your flesh is heat resistant. (rF+) [potion
                  | of mutation]
 66035 | Vaults:5 | Lost mutation: You have a considerably increased reservoir
                  | of magic. (+20% MP) [potion of mutation]
 66035 | Vaults:5 | Lost mutation: You are frail. (-10% HP) [potion of
                  | mutation]
 66035 | Vaults:5 | Gained mutation: Your spells are a little harder to cast,
                  | but a little more powerful. [potion of mutation]
 66035 | Vaults:5 | Gained mutation: Your muscles are strong. (Str +2) [potion
                  | of mutation]
 66542 | Zot:5    | Noticed an orb of fire
 66544 | Zot:5    | Noticed an orb of fire
 66544 | Zot:5    | Gained mutation: You are clumsy. (Dex -2) [an orb of fire]
 66544 | Zot:5    | Noticed an orb of fire
 66545 | Zot:5    | Noticed an ancient lich
 66545 | Zot:5    | Lost mutation: Your spells are a little harder to cast, but
                  | a little more powerful. [an orb of fire]
 66545 | Zot:5    | Noticed an orb of fire
 66545 | Zot:5    | Gained mutation: You are very dopey. (Int -4) [an orb of
                  | fire]
 66547 | Zot:5    | Gained mutation: You do not regenerate when monsters are
                  | visible. [an orb of fire]
 66549 | Zot:5    | Killed an orb of fire
 66550 | Zot:5    | Killed an orb of fire
 66550 | Zot:5    | Reached skill level 22 in Axes
 66550 | Zot:5    | Killed an orb of fire
 66550 | Zot:5    | Killed an orb of fire
 66555 | Zot:5    | Killed an ancient lich
 66568 | Zot:5    | Lost mutation: You are very dopey. (Int -4) [potion of
                  | mutation]
 66568 | Zot:5    | Lost mutation: You are dopey. (Int -2) [potion of mutation]
 66568 | Zot:5    | Lost mutation: You are clumsy. (Dex -2) [potion of
                  | mutation]
 66568 | Zot:5    | Lost mutation: Your system is resistant to poisons. (rPois)
                  | [potion of mutation]
 66568 | Zot:5    | Gained mutation: Your spells are a little harder to cast,
                  | but a little more powerful. [potion of mutation]
 66568 | Zot:5    | Gained mutation: You are frail. (-10% HP) [potion of
                  | mutation]
 66568 | Zot:5    | Gained mutation: Your muscles are very strong. (Str +4)
                  | [potion of mutation]
 66569 | Zot:5    | Lost mutation: Your muscles are very strong. (Str +4)
                  | [potion of mutation]
 66569 | Zot:5    | Lost mutation: Your muscles are strong. (Str +2) [potion of
                  | mutation]
 66569 | Zot:5    | Lost mutation: Your spells are a little harder to cast, but
                  | a little more powerful. [potion of mutation]
 66569 | Zot:5    | Lost mutation: You do not regenerate when monsters are
                  | visible. [potion of mutation]
 66569 | Zot:5    | Lost mutation: You have an increased reservoir of magic.
                  | (+10% MP) [potion of mutation]
 66569 | Zot:5    | Gained mutation: You are resistant to hostile enchantments.
                  | (MR+) [potion of mutation]
 66570 | Zot:5    | Lost mutation: You are resistant to hostile enchantments.
                  | (MR+) [potion of mutation]
 66570 | Zot:5    | Lost mutation: You are frail. (-10% HP) [potion of
                  | mutation]
 66570 | Zot:5    | Gained mutation: Scrolls take you a little longer to read.
                  | [potion of mutation]
 66570 | Zot:5    | Gained mutation: Your body sometimes deteriorates upon
                  | taking damage. [potion of mutation]
 66570 | Zot:5    | Gained mutation: You have an increased reservoir of magic.
                  | (+10% MP) [potion of mutation]
 66602 | Zot:5    | Noticed an ancient lich
 66602 | Zot:5    | Noticed an ancient lich
 66603 | Zot:5    | Noticed an orb of fire
 66603 | Zot:5    | Noticed an orb of fire
 66604 | Zot:5    | Noticed an orb of fire
 66606 | Zot:5    | Killed an orb of fire
 66610 | Zot:5    | Killed an orb of fire
 66611 | Zot:5    | Killed an orb of fire
 66618 | Zot:5    | Killed an ancient lich
 66621 | Zot:5    | Killed an ancient lich
 66625 | Zot:5    | Slain by an Orb Guardian

Levels and vault maps discovered:
D:1:      kb_arrival_jail, layout_loops_corners
D:2:      layout_loops_cross, corexii_item_surrounded_by_moat,
          chequers_big_river, uniq_terence, uniq_natasha
D:3:      layout_loops_cross, ebering_ghost_inner_flame, first_ration
D:4:      layout_loops_corners, gammafunk_ghost_necromancy, kennysheep_diamond
D:5:      layout_cave_pools, dk_noncrumbling_4, minmay_chambers_of_fives,
          uniq_ijyb, uniq_crazy_yiuf_cottage, uniq_duvessa
D:6:      layout_basic, grunt_gozag_statues, uniq_edmund
D:7:      minmay_general_purpose_star, layout_basic, minmay_temple_entry_fiery,
          serial_shops, kennysheep_little_box
D:8:      layout_loops_ring, overflow_temple_1_default, serial_shops, shop,
          grunt_livestock, nrook_uturn, dk_rats_in_the_wall, uniq_gastronok,
          uniq_joseph, uniq_pikel
D:9:      layout_layer_cave, dancing_weapons_uskayaw,
          chequers_temple_overflow_minitemple, erik_lair_orcish_takeover,
          orc_0_dummy, xom_redecorated
D:10:     layout_gridville, grunt_ministairs_6
D:11:     layout_basic, kennysheep_path_1, minmay_statues_item,
          hangedman_weighted_door
D:12:     minmay_containers, layout_long_grid
D:13:     layout_gridville, erik_vaults_1, uniq_josephine, uniq_maurice
D:14:     layout_roguey, serial_glass, glass_columns_a, glass_columns_a,
          minmay_guarded_unrand_resistance
D:15:     grunt_enter_depths_snipers, layout_irregular_city,
          gauntlet_entry_generic, serial_bayou_shore_b, portal_ice_cave_rime
Temple:   lightli_temple_of_artemis
Lair:1:   layout_long_grid, serial_bayou_shore_b, minmay_lair_oklob_chamber
Lair:2:   layout_cave_pods, gammafunk_ghost_cemetery, fungi_pond_lemuel,
          uniq_erica
Lair:3:   layout_loops_ring, minmay_shoals_entry_beasts,
          minmay_snake_entry_guardpost_medium, enter_volcano_2,
          serial_bayou_pond_a
Lair:4:   layout_loops_ring, kennysheep_basilisk_garden, grunt_megastairs_4,
          serial_bayou_shore_b
Lair:5:   wander_river, layout_hall_layers, st_stairs_9, serial_bayou_lagoon_b
Lair:6:   evilmike_catoblepas_cave, layout_long_grid, slime_altar_1,
          lemuel_oklob_altar
Shoals:1: layout_shoals
Shoals:2: layout_shoals
Shoals:3: layout_shoals, serial_shops, nicolae_shop_waterfront, centaur_isle
Shoals:4: shoals_end_simple, layout_shoals, shoals_ilsuiw_ice, uniq_polyphemus
Snake:1:  layout_rooms, gammafunk_ghost_grave, grunt_ministairs_10,
          serial_bayou_pond_c
Snake:2:  skrybe_snakes_to_sticks, layout_rooms
Snake:3:  layout_gridlike, basic_altar, uniq_mara
Snake:4:  grunt_snake_rune_spirals, layout_onion, serial_shops, shop,
          grunt_ministairs_4, st_stairs_1
Orc:1:    layout_caves, uniq_jorgrun
Orc:2:    st_orc_town, layout_caves, basic_altar, abandoned_shop,
          minmay_orc_temple_a, uniq_nessos
Elf:1:    elf_arrival_001, layout_geoelf_diagonals, serial_shops,
          nicolae_shop_behind_doors, evilmike_minifort, nemelex_altar_shiori
Elf:2:    layout_geoelf_grid
Elf:3:    minmay_elf_hall_hex, layout_onion_city, minmay_shoptagon
Vaults:1: ontoclasm_vaults_twist, ontoclasm_vaults_chip,
          nicolae_vaults_ring_of_whatevers,
          vaults_standard_mumra_enter_the_diamond, v_alt_pattern_5,
          nicolae_vaults_murderbox, vaults_mumra_chevron_long,
          nicolae_vaults_asterisk, v_misc_27, grunt_vaults_swirl,
          grunt_vaults_funnel, layout_vaults_big_room
Vaults:2: ebering_vaults_ghost_gozag, nicolae_vaults_little_squares_3,
          nicolae_vaults_little_squares_3, v_misc_9,
          nicolae_vaults_yaktaur_gun_rack, dpeg_vaults_monster_box,
          minmay_crypt_entry_simple_statues, vaults_dpeg_ring,
          layout_vaults_omnigrid, serial_shops, shop, nicolae_shop_trees,
          uniq_saint_roka
Vaults:3: nicolae_vaults_mini_display_case, ontoclasm_vaults_shuriken,
          nicolae_vaults_what_the_h, hangedman_vaults_impose,
          nicolae_vaults_big_ls, nicolae_vaults_good_morning_starshine,
          nicolae_vaults_little_squares_4, v_alt_pattern_6,
          vaults_room_large_hall, vaults_standard_mumra_x, ontoclasm_vaults_eye,
          layout_vaults_omnibox, serial_shops, shop_statue, uniq_xtahua
Vaults:4: v_misc_23, grunt_vaults_diagonal, v_misc_18,
          nicolae_vaults_big_angled_halls, ontoclasm_vaults_decontamination,
          vaults_dpeg_cross, nicolae_vaults_circle_grid_a,
          vaults_mumra_minichess_inversion, grunt_vaults_hallway_short,
          hangedman_vaults_restitches, st_diamondy,
          nicolae_vaults_little_squares_3, ontoclasm_vaults_fault, v_misc_8,
          layout_vaults_maze
Vaults:5
Crypt:1:  layout_regular_city, nicolae_crypt_soggy_tomb, st_stairs_5,
          uniq_margery
Crypt:2:  layout_gridlike, lemuel_elevator
Crypt:3:  cryptofortress_bobbens, uniq_boris
Depths:1: layout_cave_pools, enter_ziggurat_c, grunt_hell_horde, st_stairs_7,
          roderic_cross_of_infinity, nicolae_ashenzari_panopticon,
          uniq_enchantress
Depths:2: hangedman_crystal_crosses_colossus [crystal_crosses_arms_four,
          crystal_crosses_arms_four, crystal_crosses_arms_two,
          crystal_crosses_arms_one], hell_entry, pan_entry, uniq_bai_suzhen
Depths:3: nooodl_heptagram, layout_small_grid, minmay_holes,
          minmay_room_of_horrors, pan_entry, hell_entry, mu_enter_wizlab_4,
          uniq_jory, uniq_nikola
Depths:4: cell_vault, layout_cave_pools, hell_entry, serial_shops,
          nicolae_shop_statue_plus, abyss_entry, grunt_absolute_annihilation,
          infiniplex_staircase_trident
Depths:5: grunt_x_marks_the_spot, layout_basic, pf_hell_entry_tar_spiral,
          minmay_misc_feat_doors, rand_demon_pan_entry_7, grunt_decor_resistance
Zot:1:    lemuel_draconian_sentries_small, layout_gridlike, st_stairs_5
Zot:2:    layout_cathedral_of_symmetry, evilmike_ambush
          [evilmike_ambush_outer_doors, evilmike_ambush_inner_basic],
          grunt_megastairs_1
Zot:3:    infiniplex_zot_generator, layout_basic
Zot:4:    gammafunk_dig_for_victory, layout_gridlike,
          chequers_guarded_unrand_mask_of_the_dragon
Zot:5:    layout_concentric_octagons, nicolae_transmutations_shop,
          lemuel_lake_of_fire

Skill      XL: |  1  2  3  4  5  6  7  8  9 10 11 12 13 14 15 16 17 18 19 20 21 22 23 24 25 26 27 |
---------------+----------------------------------------------------------------------------------+-----
Stealth        | 1 |  1.3
Axes           | 3 4 5 8 9 11 12 13 15 16 17 18 19 20 22 | 22.4
Evocations     | 1 2 3 |  3.0
Throwing       | 1 2 4 6 7 8 9 |  9.2
Shields        | 4 5 6 7 8 9 10 11 12 13 14 15 | 15.0
Fighting       | 4 5 6 7 8 9 10 11 13 14 15 16 17 18 19 21 | 21.8
Dodging        | 4 5 7 8 9 10 11 12 14 15 16 20 | 20.3
Invocations    | 2 4 5 6 8 9 10 12 14 15 16 17 | 17.3
Necromancy     | 3 4 5 7 8 10 11 12 13 14 15 18 | 18.8
Charms         | 2 3 5 |  5.0
Spellcasting   | 2 3 4 5 6 8 9 10 11 12 16 | 16.4
Transmutations | 1 2 4 7 8 9 10 11 | 11.0
Earth Magic    | 2 3 5 7 8 10 11 12 | 12.0
Air Magic      | 3 4 |  4.0
Summonings     | 5 8 10 11 | 11.0
Maces & Flails | |  0.1
Unarmed Combat | |  0.4

Action                   |  1- 3 |  4- 6 |  7- 9 | 10-12 | 13-15 | 16-18 | 19-21 | 22-24 | 25-27 || total
-------------------------+-------+-------+-------+-------+-------+-------+-------+-------+-------++-------
Melee: War axe           |    49 |    98 |   103 |   321 |   672 |   784 |   888 |   886 |    17 ||  3818
       Constrict         |    12 |    28 |    25 |    51 |    94 |    63 |   193 |   188 |   204 ||   858
       Tentacles         |     8 |    16 |    44 |   110 |   288 |   315 |   386 |   371 |   516 ||  2054
       Unarmed           |       |       |     8 |       |       |       |       |       |       ||     8
       Flail             |       |       |    58 |    41 |       |       |       |       |       ||    99
       Punch             |       |       |     2 |     3 |     2 |     3 |     6 |     4 |    12 ||    32
       Broad axe         |       |       |       |       |    23 |       |       |     2 |  1235 ||  1260
Throw: Dart              |     4 |    29 |    71 |   202 |   108 |       |       |       |       ||   414
       Throwing net      |       |       |       |       |     2 |       |       |       |       ||     2
       Javelin           |       |       |       |       |     6 |     1 |       |       |    12 ||    19
       Boomerang         |       |       |       |       |     1 |    93 |    34 |   104 |       ||   232
 Cast: Animate Skeleton  |       |       |       |    15 |    62 |       |       |       |       ||    77
       Regeneration      |       |       |       |     4 |    28 |    85 |    52 |    48 |    69 ||   286
       Apportation       |       |       |       |       |     1 |       |       |       |       ||     1
       Animate Dead      |       |       |       |       |     6 |    53 |    68 |    36 |    28 ||   191
       Statue Form       |       |       |       |       |     1 |     1 |    13 |    25 |    29 ||    69
       Borgnjor's Vile C |       |       |       |       |       |     3 |     2 |     9 |     5 ||    19
       Summon Lightning  |       |       |       |       |       |       |       |     9 |     3 ||    12
       Death Channel     |       |       |       |       |       |       |       |    11 |    71 ||    82
       Deflect Missiles  |       |       |       |       |       |       |       |     1 |     4 ||     5
       Shadow Creatures  |       |       |       |       |       |       |       |       |    11 ||    11
       Infestation       |       |       |       |       |       |       |       |       |     6 ||     6
Invok: Slouch            |       |       |       |     1 |     1 |     4 |     1 |     4 |    12 ||    23
       Bend Time         |       |       |       |       |     2 |       |       |       |       ||     2
Evoke: Wand              |       |       |     3 |       |     8 |     1 |       |     1 |     5 ||    18
       Box of beasts     |       |       |       |       |       |     1 |     1 |       |       ||     2
       Lamp of fire      |       |       |       |       |       |       |     1 |       |       ||     1
  Use: Scroll            |       |     3 |     8 |    18 |     8 |     5 |     5 |    13 |    20 ||    80
       Potion            |       |     3 |     3 |     3 |     5 |     3 |       |       |    20 ||    37
 Stab: Sleeping          |     7 |    15 |     8 |    19 |    27 |    13 |    21 |    13 |    15 ||   138
       Distracted        |       |     1 |       |     2 |     7 |    13 |     8 |    21 |    57 ||   109
       Confused          |       |       |     1 |       |     1 |       |       |       |     2 ||     4
       Paralysed         |       |       |       |       |     3 |       |       |       |       ||     3
       Invisible         |       |       |       |       |     1 |       |       |       |       ||     1
       Petrified         |       |       |       |       |       |       |       |     6 |       ||     6
  Eat: Chunk             |     1 |    10 |     9 |    17 |    17 |     3 |    20 |    15 |    18 ||   110
       Ration            |       |       |     2 |     1 |     1 |     5 |       |     3 |    10 ||    22
Armor: Skin              |     1 |     4 |    13 |     7 |    22 |    18 |    40 |   117 |   164 ||   386
Dodge: Dodged            |    11 |    36 |    68 |   107 |   418 |   563 |   525 |   874 |  1566 ||  4168
       Deflected         |       |       |       |       |       |       |       |     4 |    52 ||    56
Block: Shield            |    22 |    37 |    74 |   190 |   483 |   649 |   725 |   975 |  1350 ||  4505
